 Dungeon Crawl Stone Soup version 0.31-a0-246-g8cbcc1cb85 (webtiles) character file.

Game seed: 2184053797596057853

218 qw the Shooter (level 5, -1/30 HPs)
             Began as a Gargoyle Hexslinger on July 12, 2023.
             Frozen to death by an endoplasm (3 damage)
             ... on level 4 of the Dungeon.
             The game lasted 00:01:10 (2520 turns).

qw the Shooter (Gargoyle Hexslinger)                Turns: 2520, Time: 00:01:11

Health: -1/30      AC: 17    Str: 18    XL:     5   Next: 95%
Magic:  0/6        EV: 11    Int: 13    God:
Gold:   220        SH:  0    Dex: 14    Spells: 5/6 levels left

rFire   . . .        Y - +1 sling
rCold   . . .        (no shield)
rNeg    + . .        j - +0 ring mail
rPois   inf          (no helmet)
rElec   +            b - +0 cloak {rPois}
rCorr   .            (no gloves)
SInv    .            l - +2 pair of boots
Will    .....        h - amulet of guardian spirit
Stlth   +            d - +6 ring of strength
HPRegen 0.25/turn    c - +4 ring of protection
MPRegen 0.10/turn

%: guardian spirit
@: no status effects
A: sickness immunity, AC +4, negative energy resistance 1, electricity
resistance, torment resistance 1, petrification resistance
a: no special abilities


You were on level 4 of the Dungeon.
You visited 1 branch of the dungeon, and saw 4 of its levels.

You collected 220 gold pieces.


Innate Abilities, Weirdness & Mutations

You are immune to sickness and miasma.
Your stone body is resilient. (AC +4)
You are immune to poison.
You resist negative energy. (rN+)
You are resistant to electric shocks. (rElec)
You are resistant to unholy torment.
You are immune to petrification.


   Skills:
 + Level 2.0 Fighting
 - Level 5.6 Ranged Weapons
 - Level 1.0 Armour
 - Level 1.5 Dodging
 - Level 1.0 Spellcasting
 - Level 2.6 Hexes


You had 5 spell levels left.
You knew the following spells:

 Your Spells              Type           Power      Damage    Failure   Level
a - Slow                  Hex            28%        N/A       17%         1

Your spell library contained the following spells:

 Spells                   Type           Power      Damage    Failure   Level
 Inner Flame              Hex/Fire       4%         N/A       65%         3
 Portal Projectile        Hex/Tloc       8%         N/A       65%         3
 Cause Fear               Hex            3%         N/A       86%         4

Inventory:

Hand Weapons
 Y - a +1 sling (weapon)
Armour
 b - a +0 cloak of poison resistance (worn)
 j - a +0 ring mail (worn)
 l - a +2 pair of boots (worn)
Jewellery
 c - a +4 ring of protection (right hand)
 d - a +6 ring of strength (left hand)
 h - an amulet of guardian spirit (around neck)
Scrolls
 f - 4 scrolls of identify
Potions
 a - a potion of curing
 g - a potion of mutation
 i - 2 potions of might

Dungeon Overview and Level Annotations

Branches:
Dungeon (4/15)             Temple (0/1) D:4

Altars:
Dithmenos
Elyvilon
Gozag
Xom


Message History

The endoplasm hits you but does no damage.
The iguana completely misses you.
You shoot a sling bullet.
The sling bullet closely misses the iguana.
The endoplasm freezes you.
You are frozen.
The iguana bites you!
You shoot a sling bullet.
The sling bullet completely misses the iguana.
The iguana closely misses you.
The endoplasm hits you but does no damage.
You shoot a sling bullet.
The sling bullet closely misses the iguana.
The iguana barely misses you.
The endoplasm hits you but does no damage.
You shoot a sling bullet. The sling bullet hits the iguana.
The iguana is severely wounded.
The iguana barely misses you. The endoplasm freezes you.
You are frozen.
The endoplasm freezes you.
You are frozen.
The iguana bites you but does no damage.
You shoot a sling bullet.
The sling bullet hits the iguana but does no damage.
The iguana is severely wounded.
The endoplasm hits you but does no damage.
The iguana barely misses you.
You shoot a sling bullet. The sling bullet hits the iguana.
The iguana is almost dead.
The endoplasm hits you but does no damage.
The iguana barely misses you.
You shoot a sling bullet.
The sling bullet closely misses the iguana.
The iguana bites you but does no damage.
The endoplasm hits you but does no damage.
You shoot a sling bullet. The sling bullet hits the iguana.
You kill the iguana!
The endoplasm freezes you.
You are frozen.
You die...

##.P.77P.. ## #.
#.#...PP77.7 .....
..#.#~~P..P. ##. .##
#...#~~..777 ..#.. #..
#####..# # #:..#.....
#..# ...#.#.>.#.##.#
#..#
#...[)J......#######...
#@# #.ยค.##........ #%#
#.#....####... .....
#...####>...
.##.#....#.........
#....#.##.####..##.. .
. .. ..# #.##### ## ###
.).# #.. # ..... ..
.....#


You could see an endoplasm.

Vanquished Creatures
  A phantom (D:4)
  2 iguanas
  5 adders
  A worm (D:3)
  2 dart slugs (D:3)
  4 orcs
  8 endoplasms
  A giant cockroach (D:1)
  7 goblins
  5 hobgoblins
  4 jackals
  5 kobolds
  6 quokkas
  6 ball pythons
  3 bats
  2 frilled lizards (D:1)
  4 rats
66 creatures vanquished.

Notes
Turn   | Place    | Note
-------+----------+-------------------------------------------
     0 | D:1      | qw the Gargoyle Hexslinger began the quest for the Orb.
     0 | D:1      | Reached XP level 1. HP: 12/12 MP: 2/2
     0 | D:1      | 0 ||| qw: Version: 0.3-a-52-g30416fa
     0 | D:1      | 0 ||| qw: Game counter: 6496
     0 | D:1      | 0 ||| qw: Melee chars always use a shield: true
     0 | D:1      | 0 ||| qw: God list: Okawaru
     0 | D:1      | 0 ||| qw: Allow faded altars: false
     0 | D:1      | 0 ||| qw: Do Orc after clearing Dungeon:15 true
     0 | D:1      | 0 ||| qw: Do second Lair branch before Depths: true
     0 | D:1      | 0 ||| qw: Lair rune preference: random
     0 | D:1      | 0 ||| qw: Goals: Normal
     0 | D:1      | 0 ||| PLANNING D:1-11
   114 | D:1      | Reached XP level 2. HP: 14/16 MP: 3/3
   116 | D:1      | 116 ||| FLEEEEING.
   117 | D:1      | 117 ||| FLEEEEING.
   118 | D:1      | 118 ||| FLEEEEING.
   138 | D:1      | Reached skill level 3 in Ranged Weapons
   320 | D:1      | Reached XP level 3. HP: 21/21 MP: 4/4
   601 | D:1      | 601 ||| UPGRADING to amulet of guardian spirit.
   606 | D:1      | 606 ||| UPGRADING to +6 ring of strength.
   607 | D:1      | 607 ||| READING scroll labelled VODOGR FYEXEID.
   608 | D:1      | 608 ||| READING 4 scrolls labelled XOSMOI WEZXOT.
   609 | D:1      | 609 ||| READING scroll labelled WYUPRAR ETRYPP.
   610 | D:1      | 610 ||| READING 3 scrolls of identify.
   610 | D:1      | 610 ||| IDENTIFYING fizzy golden potion
   611 | D:1      | 611 ||| READING 2 scrolls of identify.
   611 | D:1      | 611 ||| IDENTIFYING cyan potion
   612 | D:1      | 612 ||| DROPPING scroll of poison.
   867 | D:2      | 867 ||| FLEEEEING.
   868 | D:2      | 868 ||| FLEEEEING.
  1357 | D:2      | 1357 ||| UPGRADING to +0 cloak of poison resistance.
  1362 | D:2      | 1362 ||| UPGRADING to +0 ring mail.
  1372 | D:2      | 1372 ||| DROPPING +0 robe.
  1373 | D:2      | 1373 ||| UPGRADING to +2 pair of boots.
  1378 | D:2      | 1378 ||| READING scroll labelled AVVEUWI SURRA.
  1379 | D:2      | 1379 ||| DRINKING 2 glowing yellow potions.
  1380 | D:2      | 1380 ||| DRINKING 2 purple potions.
  1381 | D:2      | 1381 ||| DROPPING potion of brilliance.
  1445 | D:3      | Reached skill level 1 in Armour
  1445 | D:3      | Reached XP level 4. HP: 26/26 MP: 5/5
  1517 | D:3      | Found an opulent altar of Gozag.
  1551 | D:3      | Reached skill level 4 in Ranged Weapons
  1688 | D:3      | Found a shadowy altar of Dithmenos.
  1742 | D:3      | Found a shimmering altar of Xom.
  2002 | D:3      | Reached XP level 5. HP: 14/30 MP: 2/6
  2285 | D:3      | 2285 ||| DROPPING ring of flight.
  2286 | D:3      | 2286 ||| READING scroll labelled ZUM DETHRUPINK.
  2287 | D:3      | 2287 ||| READING scroll labelled ASOPTO YSAURUAZEV.
  2288 | D:3      | 2288 ||| READING scroll labelled YSTAGG MUORAIS.
  2288 | D:3      | Identified a scroll of acquirement
  2288 | D:3      | 2288 ||| ACQUIRING +4 ring of protection
  2288 | D:3      | Acquired a +4 ring of protection
  2290 | D:3      | 2290 ||| UPGRADING to +4 ring of protection.
  2315 | D:4      | Found a white marble altar of Elyvilon.
  2479 | D:4      | Found a staircase to the Ecumenical Temple.
  2480 | D:4      | 2480 ||| PLANNING TEMPLE
  2481 | D:4      | Noticed a phantom
  2500 | D:4      | Killed a phantom
  2501 | D:4      | Reached skill level 5 in Ranged Weapons
  2513 | D:4      | HP: 5/30 [iguana (6)]
  2516 | D:4      | HP: 1/30 [frozen (3)]
  2520 | D:4      | Frozen to death by an endoplasm

Levels and vault maps discovered:
D:1:      noname_arrival_rooms_in_the_neighbourhood, layout_rooms, minivault_5
D:2:      layout_loops_ring
D:3:      layout_basic, nicolae_dithmenos_the_darkroom,
          nicolae_gozag_cash_rules_everything_around_me,
          mainiacjoe_overflow_boulevard, minivault_25
D:4:      layout_rooms, lemuel_tele_altar, nicolae_elyvilon_peaceful_grove,
          minmay_temple_entry_ruins

Skill      XL: |  1  2  3  4  5 |
---------------+----------------+-----
Ranged Weapons | 3 4 5 |  5.6
Fighting       | 2 |  2.0
Armour         | 1 |  1.0
Dodging        | |  1.5
Spellcasting   | |  1.0
Hexes          | |  2.6

Action                     |  1- 3 |  4- 6 || total
---------------------------+-------+-------++-------
   Fire: Sling             |   135 |   143 ||   278
    Use: Scroll            |     6 |     3 ||     9
         Potion            |     2 |       ||     2
 Armour: Robe              |    20 |       ||    20
         Ring mail         |       |    65 ||    65
  Dodge: Dodged            |    38 |    68 ||   106

Table legend:
 A = Non-vault XP
 B = Vault XP
 C = Vault XP percentage of total XP
 D = Non-vault monster count
 E = Vault monster count
 F = Vault count percentage of total count
                 A         B        C        D         E       F
            +---------+---------+-------+---------+---------+-------
      Total |     351 |       0 |   0.0 |      66 |       0 |   0.0
            +---------+---------+-------+---------+---------+-------
        D:1 |      43 |       0 |   0.0 |      25 |       0 |   0.0
        D:2 |      28 |       0 |   0.0 |      10 |       0 |   0.0
        D:3 |     104 |       0 |   0.0 |      21 |       0 |   0.0
        D:4 |     176 |       0 |   0.0 |      10 |       0 |   0.0
            +---------+---------+-------+---------+---------+-------
